 Dungeon Crawl Stone Soup version 0.18.1-50-g88ac8fd (webtiles) character file.

65 Amnesiac the Cutter (level 4, -6/35 HPs)
             Began as a Merfolk Fighter on Mar 3, 2018.
             Was an Initiate of Pakellas.
             Mangled by a giant frog (7 damage)
             ... on level 7 of the Dungeon.
             The game lasted 00:04:03 (426 turns).

Amnesiac the Cutter (Merfolk Fighter)                Turns: 426, Time: 00:04:04

Health: -6/35      AC:  6    Str: 17    XL:     4   Next: 13%
Magic:  4/4        EV:  6    Int:  7    God:    Pakellas [......]
Gold:   35         SH:  8    Dex: 11    Spells: 0 memorised, 3 levels left

rFire  . . .     SeeInvis .     a - +1 rapier
rCold  + . .     Gourm    .     b - +0 scale mail
rNeg   . . .     Faith    .     c - +0 shield
rPois  .         Spirit   .     (no helmet)
rElec  .         Dismiss  .     (no cloak)
rCorr  .         Reflect  .     (no gloves)
SustAt .         Harm     .     (no boots)
MR     .....                    (no amulet)
Stlth  +.........               (no ring)
                                (no ring)

@: not resistant to hostile enchantments, very unstealthy
A: change form in water, swift swim, clumsy 1, cold resistance 1, wild magic 1
a: Renounce Religion


You were on level 7 of the Dungeon.
You worshipped Pakellas.
Pakellas was noncommittal.
You were not hungry.

You visited 1 branch of the dungeon, and saw 6 of its levels.

You collected 35 gold pieces.

Inventory:

Hand Weapons
 a - a +1 rapier (weapon)
Armour
 b - a +0 scale mail (worn)
 c - a +0 shield (worn)
Comestibles
 d - a meat ration
 f - a bread ration
 g - a fruit
 h - 2 chunks of flesh


   Skills:
 + Level 3.5 Fighting
 - Level 4.0 Short Blades
 - Level 2.1 Armour
 - Level 2.6 Stealth
 - Level 3.0 Shields


You had 3 spell levels left.
You didn't know any spells.

Dungeon Overview and Level Annotations

Branches:
Dungeon (7/15)             Temple (0/1) D:7

Altars:
Pakellas
Yredelemnul

Portals:
Ossuary: D:4

Annotations:
D:3 Amnesiac's ghost, weakling DEFi


Innate Abilities, Weirdness & Mutations

You revert to your normal form in water.
You are very nimble and swift while swimming.
You are clumsy. (Dex -2)
Your flesh is cold resistant.
Your spells are a little harder to cast, but a little more powerful.


Message History

The gnoll hits you.
* * * LOW HITPOINT WARNING * * *
The water moccasin closely misses you. The gnoll closely misses you.
You hear a shout!
A centaur comes into view.
You block the water moccasin's attack.
Drink which item? (? for menu, Esc to quit)
Okay, then.
You open the door. The water moccasin barely misses you.
Found 14 gold pieces.
The howler monkey hoots and howls with incredible vigour!
You block the water moccasin's attack.
You hear a shout! x2
Found a bread ration.
There is an open door here.
Read which item? (? for menu, Esc to quit)
Okay, then.
Read which item? (? for menu, Esc to quit)
Really read
l - a scroll of teleportation {!r}?
As you read the scroll of teleportation {!r}, it crumbles to dust.
You feel strangely unstable.
The water moccasin bites you but does no damage.
The water moccasin closely misses you.
The water moccasin bites you but does no damage.
Your surroundings suddenly seem different.
A gnoll shaman comes into view. It is wielding a whip.
The gnoll shaman shouts!
A gnoll comes into view. It is wielding a spear.
The gnoll shouts!
A gnoll comes into view. It is wielding a halberd.
The gnoll shouts!
The gnoll hits you from afar with a halberd.
* * * LOW HITPOINT WARNING * * *
Found 21 stones and a helmet.
An adder and a gnoll come into view.
The gnoll hits you but does no damage. As you open the door, it creaks loudly!
You hear a loud, deep croak!
The gnoll barely misses you.
The gnoll shaman calls upon its god to speed up the gnoll.
The gnoll seems to speed up.
You block the gnoll's attack.
A giant frog comes into view.
The giant frog croaks.
Found 17 stones.
There is an open door here.
You block the adder's attack. You block the giant frog's attack.
Found a basalt altar of Yredelemnul.
You aren't carrying any spellbooks or scrolls.
Drink which item? (? for menu, Esc to quit)
Okay, then.
Drink which item? (? for menu, Esc to quit)
Really quaff
e - a potion of mutation {!q}?
You feel extremely strange.
You feel resistant to cold.
You feel less in control of your magic.
You feel clumsy.
The giant frog hits you but does no damage.
The adder bites you but does no damage.
You aren't carrying any spellbooks or scrolls.
You block the giant frog's attack.
The giant frog hits you but does no damage.
The adder bites you.
* * * LOW HITPOINT WARNING * * *
The giant frog hits you!
You die...
Pakellas says: Time to start the next experiment...

######## ****### #......# *,,...#
######......# *,P.P.#* *****
...........g######.._...*****,,,,
............gggS@..P.P..,,,,,,>,,
###**#......#..F#......#*,**,,,,,
* *,,#....g(#...###+##$.,,,,,,,,,
* **,#......#...#*,,,,,,*,**,,,,,
* *,,#......#...#*,,,,,,*,**,,,,,
****+#......#...#*,,,,,,+,,,,,,,,
,,,,,#......#...#*,,,,,,*,,,,,,,,
,,,,*#.[....#(..#*,,,,,,*****,,,*
,,,,*####+###...#*,,,,,,* *,,,*


You could see a giant frog, a gnoll shaman, 3 gnolls and an adder.

Vanquished Creatures
  A worker ant (D:6)
  A mummy (D:4)
  2 adders
  3 goblins
  4 hobgoblins
  A quokka (D:2)
  2 giant newts
  2 kobolds
  A rat (D:2)
17 creatures vanquished.

Notes
Turn   | Place    | Note
--------------------------------------------------------------
     0 | D:1      | Amnesiac the Merfolk Fighter began the quest for the Orb.
     0 | D:1      | Reached XP level 1. HP: 18/18 MP: 1/1
    43 | D:2      | Reached skill level 3 in Short Blades
    43 | D:2      | Reached XP level 2. HP: 20/24 MP: 2/2
   115 | D:3      | Reached skill level 4 in Short Blades
   186 | D:4      | Found a sand-covered staircase.
   194 | D:4      | Reached skill level 1 in Stealth
   194 | D:4      | Reached XP level 3. HP: 29/29 MP: 3/3
   213 | D:3      | Found an oddly glowing altar of Pakellas.
   217 | D:3      | Became a worshipper of Pakellas the Inventive
   235 | D:3      | Noticed Amnesiac's ghost (weakling DEFi)
   263 | D:4      | You fall through a shaft for 2 floors!
   298 | D:6      | HP: 1/29 [worker ant (6)]
   334 | D:6      | Noticed a sky beast
   335 | D:6      | Noticed a centaur
   345 | D:7      | Found a staircase to the Ecumenical Temple.
   361 | D:7      | Reached XP level 4. HP: 6/35 MP: 4/4
   388 | D:7      | Noticed a hungry ghost
   408 | D:7      | Noticed a water moccasin
   410 | D:7      | Noticed a centaur
   418 | D:7      | HP: 1/35 [gnoll/halberd (4)]
   421 | D:7      | Noticed a giant frog
   422 | D:7      | Found a basalt altar of Yredelemnul.
   423 | D:7      | Gained mutation: Your flesh is cold resistant. [potion of mutation]
   423 | D:7      | Gained mutation: Your spells are a little harder to cast, but a little more powerful. [potion of mutation]
   423 | D:7      | Gained mutation: You are clumsy. (Dex -2) [potion of mutation]
   426 | D:7      | HP: 1/35 [adder (1)]
   426 | D:7      | Mangled by a giant frog

Skill      XL: |  1  2  3 |
---------------+----------+-----
Short Blades   | 3 4 |  4.0
Stealth        | 1 2 |  2.6
Fighting       | |  3.5
Armour         | |  2.1
Shields        | |  3.0

Action                   |  1- 3 |  4- 6 || total
-------------------------+-------+-------++-------
Melee: Rapier            |    52 |     2 ||    54
       Tailslap          |     2 |       ||     2
  Use: Potion            |     3 |     1 ||     4
       Scroll            |     1 |     5 ||     6
Armor: Scale mail        |    10 |     9 ||    19
Dodge: Dodged            |    15 |     5 ||    20
Block: Shield            |    20 |    10 ||    30
